[Event "Chess Classic 2023"]
[Site "London"]
[Date "2023.12.08"]
[Round "7"]
[White "Tabatabaei, M Amin"]
[Black "Vitiugov, Nikita"]
[Result "1-0"]
[WhiteElo "2692"]
[BlackElo "2704"]
[ECO "B93"]
[EventDate "2023.??.??"]
[Annotator "rafael"]
[PlyCount "119"]
[Beauty "6394308733529"]
[EventType "swiss"]
[EventRounds "9"]
[EventCountry "CAN"]
[TimeControl "5400+30"]

1.e4 c5 2.Nf3 d6 3.d4 cxd4 4.Nxd4 Nf6 5.Nc3 a6 6.f4 {This old move still has some venom, it seems.} 6...e5 7.Nf3 Nbd7 8.a4 Qc7 {Preventing the development of the bishop on c4.} ( 8...Be7 9.Bc4 {with many theoretical variations.} ) 9.g4 $5 {[%c_effect g4;square;g4;type;Interesting;persistent;true] A fresh idea, played only once before, but by a renowned theoretician.} 9...d5 $1 {[%c_effect d5;square;d5;type;GreatFind;persistent;true] A novelty that was played quickly by Vitiugov, who was prepared. I'd like to know how top GMs manage to remember so much.} ( 9...exf4 $2 10.g5 {White is already winning: L'Ami-Yilmaz, Tata Steel-B Wijk aan Zee 2023.} ) 10.g5 d4 11.gxf6 dxc3 12.fxg7 Bxg7 {All these moves are the first choice of the computer.} 13.f5 {Now Vitiugov started to think.} ( 13.Rg1 {is also possible, with a complicated position after} 13...Bf6 14.b3 exf4 15.Bh3 ) 13...cxb2 {Black has many candidate moves.} ( 13...Nc5 $5 {[%c_effect c5;square;c5;type;Interesting;persistent;true] is possible and requires accurate play by both sides.} 14.Qd5 $1 cxb2 15.Bxb2 Bd7 $1 {[%c_effect d7;square;d7;type;GreatFind;persistent;true] with chances for both sides.} ) ( 13...Nf6 14.Rg1 Bf8 {with unclear play.} ) ( 13...b6 {This is very logical and it's my favorite move. Black simply prepares development.} 14.Rg1 Bf6 {with a messy position.} ( 14...Bf8 {is also playable.} ) ) 14.Bxb2 Qb6 {A risky decision, going after the e4-pawn. This is playable, but not very practical.} ( 14...b6 ) ( 14...Nc5 ) 15.Ba3 Qe3+ 16.Be2 Qxe4 17.Rg1 {It's hard to imagine that Black can survive this position, but the computer actually evaluates it as equal.} 17...Bf8 {After this move Tabatabaei finally started to think. Excellent preparation.} ( 17...Bh6 {is weaker: the bishop on a3 is too strong.} 18.Rg3 $5 Qxf5 19.Nd2 {The knight goes to c4 with a winning attack.} ) 18.Qd2 {Very logical.} ( 18.Bxf8 Rxf8 19.Qd2 Nf6 $1 {[%c_effect f6;square;f6;type;GreatFind;persistent;true] and Black is surviving.} ) ( 18.Ng5 Bb4+ $1 {[%c_effect b4;square;b4;type;GreatFind;persistent;true] The only move.} ( 18...Qxf5 $2 19.Nxf7 $1 {[%c_effect f7;square;f7;type;GreatFind;persistent;true] leads to disaster.} ) ( 18...Qh4+ 19.Rg3 {is also winning for White.} ) 19.Bxb4 Qxb4+ 20.Qd2 Qxd2+ 21.Kxd2 Nc5 {Exchanging queens is a huge relief for Black.} ) 18...Nc5 $2 {[%c_effect c5;square;c5;type;Mistake;persistent;true] This move loses. There's only one acceptable continuation for Black.} ( 18...Qxf5 $6 19.Bb2 $1 {[%c_effect b2;square;b2;type;GreatFind;persistent;true] with a strong initiative.} ) ( 18...Bxa3 $2 {[%c_effect a3;square;a3;type;Mistake;persistent;true] brings White's rook into the attack:} 19.Rxa3 Qxf5 20.Re3 ) ( 18...Qxa4 $2 19.Bb2 {Black can just pick up pawns.} ) ( 18...Nf6 $1 {[%c_effect f6;square;f6;type;GreatFind;persistent;true] This is the way to go.} 19.Bxf8 Rxf8 20.Qd6 Nd5 21.Rd1 Qb4+ 22.Qxb4 Nxb4 {Exchanging queens and surviving.} ) 19.Ng5 $1 {[%c_effect g5;square;g5;type;GreatFind;persistent;true] Tabatabaei conducts the attack with enviable precision from here on.} ( 19.Rd1 $2 Bxf5 {Forced, but good.} ) 19...Qh4+ ( 19...Qxf5 {loses in many ways.} 20.Bh5 ( 20.Rf1 ) ) 20.Rg3 h6 {Other moves are no better:} ( 20...Qxh2 $2 21.Bb5+ {loses the queen.} ) ( 20...Bxf5 21.Qd5 {attacks everything.} ) ( 20...Qd4 21.Qxd4 exd4 {Black exchanges queens, but cannot protect f7.} 22.Bh5 ( 22.Bc4 {is also good.} ) ) 21.Nxf7 $1 {[%c_effect f7;square;f7;type;GreatFind;persistent;true] It's necessary to destroy the king's protection.} ( 21.Qd5 $2 {[%c_effect d5;square;d5;type;Mistake;persistent;true] is very tempting, but doesn't work:} 21...hxg5 22.Qxe5+ Ne6 $1 {[%c_effect e6;square;e6;type;GreatFind;persistent;true] Black escapes.} ) ( 21.Bxc5 {is also winning, but it looks more difficult:} 21...hxg5 ( 21...Bxc5 22.Nxf7 $1 ) 22.Bxf8 Kxf8 ( 22...Rxf8 23.Bg4 $1 ) 23.O-O-O Qf4 24.Qxf4 exf4 25.Rd8+ Ke7 26.Rxh8 fxg3 27.hxg3 {with a winning endgame, since Black's queenside cannot move.} ) 21...Ne4 {The best chance.} ( 21...Kxf7 22.Qd5+ {loses on the spot.} ) ( 21...Rg8 22.Nd6+ Bxd6 23.Qxd6 Rxg3 24.Qxe5+ {Black can resign.} ) 22.Qd5 Nxg3 ( 22...Bxa3 {leads to mate after} 23.Qxe5+ Kxf7 24.Bc4+ ) 23.Qxe5+ Kxf7 24.hxg3 Qh1+ ( 24...Bb4+ 25.Bxb4 Qxb4+ 26.c3 {Black cannot defend the rook and the checks on c4 or h5.} ) ( 24...Qf6 {There's a pretty win here:} 25.Bc4+ Kg7 26.Qc7+ Be7 27.Bb2 $1 Qxb2 28.Qxe7# ) 25.Kf2 Qc6 ( 25...Qh2+ 26.Kf3 {The checks will soon be over.} ) 26.Bh5+ ( 26.Qxh8 {also wins, but in a more complicated manner:} 26...Bxf5 ( 26...Bc5+ 27.Bxc5 Qxc5+ 28.Kg2 Bxf5 29.Bh5+ $1 Ke6 30.Qxh6+ {with a decisive attack.} ) ( 26...Bxa3 27.Bh5+ Ke7 28.Re1+ {with checkmate soon.} ) 27.Bh5+ $1 Bg6 28.Qh7+ Bg7 29.Rf1 $3 {[%c_effect f1;square;f1;type;Brilliant;persistent;true] Fantastic $1 Discovering moves like this is why I love analyzing chess games.} 29...Bxh5 30.Ke3+ $1 ( 30.Kg1+ $2 Bf3 ) 30...Ke8 ( 30...Ke6 31.Qf5# ) 31.Qg8+ Kd7 32.Qxg7+ Kc8 33.Rf8+ Be8 34.Qe5 {winning.} ) 26...Kg8 27.Bxf8 Rh7 28.Bg6 Rc7 29.Bxh6 Qc5+ ( 29...Qxc2+ {doesn't save Black:} 30.Kf3 Qc3+ ( 30...Rc3+ 31.Kg4 Rc4+ 32.Kh3 ) 31.Qxc3 Rxc3+ 32.Kg4 Bd7 33.Re1 {and the rook goes to e7.} ) 30.Qxc5 Rxc5 31.g4 {By a miracle, Vitiugov has managed to avoid mate in the middlegame, but his king remains in danger even after the exchange of queens.} 31...Rxc2+ 32.Kg3 Bd7 33.Re1 Rc6 34.Re7 Be8 ( 34...Rxg6 35.fxg6 Bxa4 {Black's king is still suffering:} 36.Rg7+ Kh8 37.Rh7+ Kg8 38.Bg7 {followed by Bf6.} ) 35.Bh7+ Kh8 36.Bf4 Rc5 37.f6 Bxa4 38.Bg6 Rf8 39.g5 ( 39.Bh6 $1 {[%c_effect h6;square;h6;type;GreatFind;persistent;true] forces immediate capitulation.} ) 39...Rc3+ 40.Kf2 Bc2 41.Bxc2 Rxc2+ 42.Kg3 Rc5 43.Rxb7 ( 43.Kg4 {is also good.} ) 43...Rb5 44.Ra7 Kg8 45.Rg7+ Kh8 46.Kg4 a5 47.Bd6 Rd8 48.Be7 {This doesn't spoil the game, but there's a simpler move.} ( 48.g6 $1 Rxd6 49.Rh7+ Kg8 50.f7+ Kf8 51.Rh8+ Ke7 52.f8=Q+ ) 48...Rc8 ( 48...Rg8 49.Rxg8+ Kxg8 50.g6 {followed by f7.} ) 49.Kh5 Rg8 50.Rg6 $3 {[%c_effect g6;square;g6;type;Brilliant;persistent;true] The only winning move $1} ( 50.Rxg8+ Kxg8 51.Kg6 Rb6 {leads to a draw.} ) 50...Rxg6 51.Kxg6 Rb6 52.Kh6 ( 52.Kf7 {is also winning:} 52...a4 ( 52...Rb1 53.g6 Rg1 54.Bf8 a4 55.Bg7# ) 53.g6 Rb8 54.Bf8 Rb7+ 55.Ke6 Rb6+ 56.Bd6 {followed by the march of the f-pawn.} ) 52...a4 53.g6 Rb1 54.f7 Rh1+ 55.Kg5 Rg1+ 56.Kh5 Rh1+ 57.Kg4 Rg1+ 58.Kh3 Rf1 59.Bf8 $1 {[%c_effect f8;square;f8;type;GreatFind;persistent;true] The only winning move again $1} ( 59.f8=Q+ $4 Rxf8 60.Bxf8 a3 61.Bxa3 Kg7 {with a draw.} ) 59...Rg1 60.Bc5 {A wonderful game.} 1-0

[Event "Chess Classic 2023"]
[Site "London"]
[Date "2023.12.09"]
[Round "8"]
[White "Moussard, Jules"]
[Black "Royal, Shreyas"]
[Result "0-1"]
[WhiteElo "2635"]
[BlackElo "2438"]
[ECO "D02"]
[EventDate "2023.??.??"]
[Annotator "rafael"]
[PlyCount "136"]
[Beauty "5914841070628"]
[EventType "swiss"]
[EventRounds "9"]
[EventCountry "CAN"]
[TimeControl "5400+30"]

1.Nf3 d5 2.g3 Nd7 3.d4 Nb6 {A strategically creative system: the b6-square is not the knight's natural habitat. The advantage is that it's more difficult for White to play the pawn to c4.} 4.Bg2 Bf5 5.b3 $5 {[%c_effect b3;square;b3;type;Interesting;persistent;true] Not so much to fianchetto the bishop, but rather to play c4.} 5...e6 6.O-O h6 7.c4 c6 8.Nbd2 {I don't really like this square for the knight, I think it could go to c3, either now or after c5.} ( 8.c5 Nd7 9.b4 Ngf6 10.Nc3 ) ( 8.Nc3 ) 8...Nf6 9.Bb2 Be7 10.e3 {A thematic move, making way for the queen on e2.} 10...O-O 11.Qe2 a5 $1 {[%c_effect a5;square;a5;type;GreatFind;persistent;true] Advancing the pawn to a4 is a good plan that shows the advantage of the knight on b6 and the disadvantage of the knight on d2.} 12.Ne5 Nbd7 13.Nd3 {A new move.} ( 13.Nxd7 Qxd7 {was equal in Krysa-Fedoseev,Titled Tuesday blitz 2020.} ) ( 13.Rfd1 {is also a possible move.} ) 13...a4 {A natural continuation. 13...Ne4 and 13...Qb3 are good options, with equality in both cases.} ( 13...Ne4 ) ( 13...Qb6 ) 14.Rfc1 ( 14.e4 {is a normal break, but here Black is fine due to the queenside counterplay.} 14...dxe4 15.Nxe4 Nxe4 16.Bxe4 Bxe4 17.Qxe4 Qb6 ( 17...Bf6 {is also good.} ) ) 14...Qb6 15.c5 Qa6 ( 15...Qb5 {is more accurate. The difference is that after} 16.Bf1 b6 $1 {[%c_effect b6;square;b6;type;GreatFind;persistent;true] White cannot play 17.b4 due to the pressure on the b2-bishop.} ) 16.Bf1 b5 $2 {[%c_effect b5;square;b5;type;Mistake;persistent;true] This is a clear positional mistake. Black shouldn't close the queenside.} ( 16...b6 {is better:} 17.b4 Rfb8 {with equal chances.} ) 17.f3 {Now White can prepare to advance in the center without any major worries.} 17...axb3 18.axb3 Qb7 19.e4 Bh7 20.e5 {White has achieved a clear advantage.} 20...Ne8 21.Rxa8 Qxa8 22.Ra1 Qb7 23.b4 g5 $5 {[%c_effect g5;square;g5;type;Interesting;persistent;true] A difficult move, as it creates more weaknesses, but Black tries to generate some activity.} ( 23...Nc7 24.Nb3 {is sad for Black.} ) 24.Nb3 Ng7 25.Na5 {The knight on a5 fulfills an important function, pinning Black to the defense of the c6-pawn. It can come back when needed.} 25...Qc7 26.Nf2 h5 {Probably played with the idea of taking away the knight's g4-square, but this creates even more weaknesses.} 27.Re1 ( 27.Nb3 f6 28.Ra3 $1 {[%c_effect a3;square;a3;type;GreatFind;persistent;true] This is a very strong plan, suggested by the computer. White prepares total dominance of the a-file. To do this, he simply needs to place the queen behind the rook.} ) 27...Re8 ( 27...f6 {is a better chance to create some play.} ) 28.Qd2 Nf8 29.Nh3 {Black loses a pawn on the kingside.} 29...g4 30.fxg4 hxg4 31.Nf2 Bf5 32.Be2 ( 32.Qd1 {is also good.} ) 32...Nh7 33.Nxg4 {White has a winning position, with an extra pawn and well-placed pieces. There are many ways to play in the next few moves, but I will focus on the critical moments that made the game change hands.} 33...Bg6 34.Qf4 Nf5 35.h4 Kh8 36.Ne3 Nxe3 37.Qxe3 f5 38.Qf4 Rg8 39.Kf2 Be8 40.Ke3 ( 40.Bc1 {White's best approach is to bring this bishop back into the game, avoiding any tactical issues and maintaining a decisive advantage.} ) 40...Bd8 41.Kd3 $2 ( 41.Kf2 {White can return the king and keep maneuvering.} ) ( 41.Bc1 {allows} 41...Ng5 $5 {[%c_effect g5;square;g5;type;Interesting;persistent;true] White has a big material advantage, but the win still has to be demonstrated after} 42.hxg5 Bxg5 43.Rh1+ Qh7 44.Rxh7+ Kxh7 45.Kf2 Bxf4 46.Bxf4 ) 41...Nf6 $1 {[%c_effect f6;square;f6;type;GreatFind;persistent;true][%c_arrow h7f6;keyPressed;none;from;h7;opacity;0.8;to;f6;persistent;false] Suddenly Black is back in the game due to this tactical shot.} 42.Rg1 ( 42.exf6 $2 {[%c_effect f6;square;f6;type;Mistake;persistent;true] loses the queen after} 42...Rxg3+ ) ( 42.Qh6+ {is a good practical choice, since after} 42...Qh7 43.Qxh7+ Nxh7 {the knight at least doesn't arrive on e4, although the g3-pawn cannot be protected.} ) 42...Ne4 {The knight, which was previously a sad piece with no prospects, suddenly becomes a monster on e4.} 43.Kc2 $2 ( 43.Bc3 $1 {[%c_effect c3;square;c3;type;GreatFind;persistent;true] is the only chance, bringing the bishop to e1 to protect the pawn chain.} 43...Qh7 44.Be1 ) 43...Qh7 44.Kb3 Bxh4 $1 45.Bc3 Nxg3 ( 45...Rxg3 {is an easier way to convert the advantage.} 46.Rxg3 Bxg3 47.Qf3 Qh4 {with an easily winning position.} ) 46.Bf3 Rg6 $1 47.Rg2 Qh6 $1 48.Bd2 $2 ( 48.Qxh6+ {is the only move.} 48...Rxh6 49.Bd2 Rh7 {White has drawing chances.} ) 48...Bg5 $1 {[%c_effect g5;square;g5;type;GreatFind;persistent;true] This was certainly missed by Moussard.} 49.Qxg3 Bxd2 50.Qh2 Rxg2 51.Qxh6+ ( 51.Qxg2 Qe3+ ) 51...Bxh6 52.Bxg2 Bd2 {The rest is very easy: the king enters the game and the knight is unable to help.} 53.Bf1 Kg7 54.Nb7 Kg6 55.Kc2 Bxb4 56.Kd3 Be1 57.Be2 Bf2 58.Bd1 Kg5 59.Be2 Bg1 60.Bd1 Kh4 61.Be2 f4 62.Nd8 Bd7 63.Nf7 b4 64.Bd1 Be8 65.Nd8 Bg6+ 66.Kd2 Bxd4 67.Nxe6 Bc3+ 68.Kc1 Bxe5 0-1

[Event "Chess Classic 2023"]
[Site "London"]
[Date "2023.12.10"]
[Round "9"]
[White "Niemann, Hans Moke"]
[Black "Gukesh, D."]
[Result "1-0"]
[WhiteElo "2667"]
[BlackElo "2720"]
[ECO "C54"]
[EventDate "2023.??.??"]
[Annotator "rafael"]
[PlyCount "69"]
[Beauty "8042192044041"]
[EventType "swiss"]
[EventRounds "9"]
[EventCountry "CAN"]
[TimeControl "40/5400+30:1800+30"]

1.e4 e5 2.Nf3 Nc6 3.Bc4 Bc5 4.d3 Nf6 5.O-O d6 6.c3 a6 7.a4 Ba7 8.Re1 h6 $5 {[%c_effect h6;square;h6;type;Interesting;persistent;true] A very interesting plan that has been used many times in this position. Black simply wants to start the pawn advance on the kingside.} 9.a5 {A rare move. White will have some problems in the next moves, so Italian Opening theoreticians should probably analyze the main line with 9.Nbd2.} ( 9.Nbd2 g5 {with big complications.} ) 9...g5 10.Be3 {Neimann decides to exchange the dangerous a7-bishop.} 10...g4 11.Nfd2 Bxe3 $1 {[%c_effect e3;square;e3;type;GreatFind;persistent;true] An obvious move and also a novelty.} ( 11...h5 $6 12.Bxa7 Rxa7 {Yu-Ju, Danzhou rapid 2021. Here White should play} 13.Nf1 {with the advantage.} ) 12.fxe3 $6 {[%c_effect e3;square;e3;type;Inaccuracy;persistent;true] It's curious to take on e3 with the pawn when the rook is no longer on the f-file, but now White looks more solid against the advance of Black's pawns. It's a difficult choice, but objectively it's better to take with the rook, although I still like Black's position.} ( 12.Rxe3 h5 ) 12...Nh7 $5 {[%c_effect h7;square;h7;type;Interesting;persistent;true] A subtle move. The knight can go to g5 if necessary, protecting the f7-pawn.} ( 12...h5 {is natural and also possible:} 13.Rf1 Rh6 {with a complicated game, but Black has easier play.} ) 13.Nf1 ( 13.Rf1 Ng5 {The knight is very well-placed here.} ) 13...h5 {Black is the winner of the opening battle, having achieved a clearly better position.} 14.Ng3 Qg5 ( 14...h4 {is simpler:} 15.Nf5 Bxf5 16.exf5 d5 17.Bb3 Nf6 {Black has a clear advantage. The duet of pawns in the center and also on the kingside draws attention.} ) 15.Nd2 Ne7 $6 {[%c_effect e7;square;e7;type;Inaccuracy;persistent;true] This move allows for an excellent counterplay chance that Niemann doesn't waste.} ( 15...O-O {is better.} ) 16.Qa4+ $1 c6 ( 16...Bd7 $2 {[%c_effect d7;square;d7;type;Mistake;persistent;true] loses a pawn after} 17.Bxf7+ ) 17.Qb4 h4 18.Nf5 $1 {[%c_effect f5;square;f5;type;GreatFind;persistent;true] This is White's idea.} ( 18.Ngf1 {is too passive. Black is much better after} 18...Qf6 ) 18...Bxf5 ( 18...Nxf5 {is an important option. The game can become insanely complicated.} 19.exf5 d5 20.Qd6 $5 {[%c_effect d6;square;d6;type;Interesting;persistent;true] An interesting option.} ( 20.Bb3 h3 $1 {[%c_effect h3;square;h3;type;GreatFind;persistent;true] leaves Black with the initiative.} ) 20...f6 $1 {[%c_effect f6;square;f6;type;GreatFind;persistent;true] The most accurate.} ( 20...Qf6 21.Qxf6 Nxf6 22.Bb3 Bxf5 23.Rf1 Rh5 24.e4 $1 dxe4 25.dxe4 O-O-O $1 {[%c_effect c8;square;c8;type;GreatFind;persistent;true] The only move.} ( 25...Nxe4 $2 26.Nxe4 Bxe4 27.Bxf7+ ) 26.Bxf7 Rh6 27.Nc4 Bxe4 28.Nxe5 {with equality.} ) ( 20...Qe7 21.Qxe7+ Kxe7 22.Bb3 Bxf5 23.e4 dxe4 24.Nxe4 {with good compensation for the pawn.} ) 21.e4 $5 ( 21.Bb3 {is also possible, but the piece sacrifice is more interesting.} ) 21...dxc4 ( 21...Qxd2 {leads to perpetual check:} 22.exd5 h3 23.Rxe5+ $1 fxe5 24.Qxe5+ Be6 ( 24...Kd7 25.dxc6+ bxc6 26.Be6+ {This apparently also ends in a draw.} ) 25.Qxe6+ Kd8 26.Qd6+ Kc8 27.Qe6+ ) 22.Nxc4 {White prepares Nb6 or d4 and has good practical compensation for the piece.} ) 19.exf5 d5 20.Bb3 ( 20.Qxb7 O-O 21.Bb3 $1 ( 21.Bxa6 $2 {[%c_effect a6;square;a6;type;Mistake;persistent;true] loses after} 21...Rfb8 22.Qc7 Rxb2 $19 ) 21...Nxf5 {This transposes to a position that could occur later in the game.} ) 20...O-O $2 {[%c_effect g8;square;g8;type;Mistake;persistent;true][%c_arrow a1a4;keyPressed;none;from;a1;opacity;0.8;to;a4;persistent;false,b4g4;keyPressed;none;from;b4;opacity;0.8;to;g4;persistent;false,g4h4;keyPressed;none;from;g4;opacity;0.8;to;h4;persistent;false] A blunder that immediately leads to a losing position.} ( 20...O-O-O {is the simplest:} 21.Bd1 $1 {[%c_effect d1;square;d1;type;GreatFind;persistent;true] The best defense: White attacks the g4-pawn and prepares Nb3-c5.} ( 21.Ra4 $2 g3 22.Qxh4 Nxf5 23.Qxg5 gxh2+ 24.Kxh2 Nxg5+ 25.Kg1 Rdg8 {with a winning position for Black.} ) 21...Nxf5 22.Qxg4 Kc7 {with equal play.} ) ( 20...Nxf5 {is also possible:} 21.Qxb7 O-O 22.Qxc6 Nf6 {Black's queen and two knights look menacing near the white king.} ) 21.Ra4 $1 {[%c_effect a4;square;a4;type;GreatFind;persistent;true] Gukesh certainly missed this pretty move, attacking pawns on the fourth rank.} 21...g3 ( 21...Nxf5 22.Qxg4 {is also winning for White.} ) 22.Qxh4 Qxh4 ( 22...gxh2+ 23.Qxh2 {Here White quickly creates a winning attack, for instance:} 23...Nxf5 ( 23...Qxf5 24.Rh4 ( 24.e4 {is also good.} ) ) 24.Nf3 {with an easy win.} ) 23.Rxh4 gxh2+ ( 23...Nxf5 {Here either 24.Rg4 or 24.Rh5 wins.} 24.Rg4+ ( 24.Rh5 ) 24...Kh8 25.hxg3 ) 24.Rxh2 f6 ( 24...Nxf5 25.e4 {This pawn break is an important resource, opening the diagonal for the bishop and bringing the rook to the attack.} 25...dxe4 26.Rxe4 Rae8 27.Rg4+ Kh8 28.Ne4 {All of White's pieces are well-placed.} ) 25.e4 Rf7 26.Nf3 Rg7 27.d4 $1 {[%c_effect d4;square;d4;type;GreatFind;persistent;true] White is a clean pawn up and also has the positional advantage. Niemann wins the game without any problem.} 27...exd4 28.Nxd4 Ng5 29.exd5 Nxd5 30.Rh6 $1 Kf7 31.Kf1 Rag8 32.c4 Nc7 33.c5+ Nd5 34.Bxd5+ cxd5 35.Ne6 $1 ( 35.Ne6 Nxe6 36.Rxe6 Rxg2 37.Rhxf6+ ) 1-0